Map: Thunderbird LE

Players

PtitDrogo

  • Race: Protoss Protoss
  • Spawn Location: 5:00

Astrea - Winner!

  • Race: Protoss Protoss
  • Spawn Location: 11:00

VOD

Have the link to the VOD?

Description

Time

  • Played on: Sept. 6, 2019, 8:51 p.m.
  • Length: 9:29
Show
View Real Time Build Order
Export as new Build Order

PtitDrogo Protoss 

Build Orders:  

Get SALT Encoding   

  12  0:00  Probe  
  13  0:13  Probe  
  14  0:17  Pylon  
  14  0:24  Probe  
  15  0:33  Probe  
  15  0:35  Gateway  
  15  0:41  Probe  
  16  0:46  Assimilator  
  17  0:51  Probe  
  17  0:54  Assimilator  
  18  0:59  Probe  
  19  1:07  Gateway  
  19  1:08  Probe  
  19  1:17  Probe  
  20  1:24  Cybernetics Core  
  21  1:29  Probe  
  21  1:32  Pylon  
  22  1:42  Probe  
  23  1:54  Probe  
  24  2:01  Sentry, Stalker  
  28  2:02  Warp Gate  
  28  2:06  Probe  
  29  2:11  Pylon  
  31  2:30  Sentry  
  31  2:34  Probe  
  31  2:37  Nexus  
  31  2:43  Probe, Sentry  
  35  2:51  Pylon  
  35  2:52  Probe  
  36  3:04  Probe  
  37  3:10  Robotics Facility  
  37  3:16  Probe  
  38  3:28  Probe  
  39  3:38  Twilight Council  
  39  3:40  Probe  
  39  3:48  Probe  
  40  3:49  Stalker  
  40  3:50  Probe, Stalker  
  40  3:52  Immortal  
  50  4:03  Probe  
  50  4:09  Pylon  
  51  4:13  Adept x2  
  54  4:24  Resonating Glaives  
  52  4:34  Warp Prism, Adept x2  
  52  4:35  Probe  
  52  4:37  Probe  
  58  4:50  Gateway  
  58  4:51  Gateway  
  58  4:54  Gateway  
  58  4:58  Sentry  
  58  4:59  Adept  
  62  5:04  Gateway  
  62  5:10  Gateway  
  62  5:14  Pylon  
  62  5:22  Adept x2  
  66  5:34  Probe  
  65  5:37  Adept  
  65  5:39  Probe  
  60  5:51  Adept x3  
  60  5:52  Probe  
  63  6:02  Probe  
  63  6:03  Stalker  
  64  6:04  Probe  
  63  6:13  Stalker  
  57  6:19  Adept x2  
  57  6:22  Probe  
  57  6:23  Probe  
  57  6:28  Warp Prism  
  55  6:35  Probe x2  
  59  6:47  Probe x2  
  60  6:48  Assimilator  
  60  6:50  Assimilator  
  61  6:54  Sentry  
  61  6:55  Immortal  
  61  6:59  Probe  
  64  7:02  Shield Battery  
  64  7:04  Probe  
  69  7:11  Probe  
  70  7:22  Adept x4  
  76  7:27  Dark Shrine  
  78  7:30  Immortal  
  76  7:41  Probe  
  75  7:50  Zealot x2  
  73  8:00  Probe  
  73  8:04  Stalker  
  77  8:08  Pylon  
  77  8:11  Pylon  
  76  8:23  Pylon x2  
  76  8:30  Probe  
  76  8:31  Stalker  
  76  8:32  Stalker  
  81  8:34  Zealot x2  
  81  8:35  Pylon  
  81  8:41  Dark Templar x2  
  86  9:02  Adept x3  
  86  9:03  Adept  
Show
View Real Time Build Order
Export as new Build Order

Astrea Protoss - Winner!

Build Orders: Phoenix Opening, Chargelot Immortal 

Get SALT Encoding   

  12  0:00  Probe  
  13  0:12  Probe  
  14  0:17  Pylon  
  14  0:23  Probe  
  15  0:31  Probe  
  15  0:38  Gateway  
  15  0:39  Probe  
  16  0:45  Assimilator  
  17  0:51  Probe  
  17  0:54  Assimilator  
  18  0:59  Probe  
  19  1:07  Gateway, Probe  
  19  1:17  Probe  
  20  1:25  Cybernetics Core  
  21  1:29  Probe  
  22  1:34  Pylon  
  22  1:41  Probe  
  23  1:51  Warp Gate  
  23  1:53  Probe  
  24  2:01  Stalker  
  24  2:02  Sentry  
  24  2:06  Probe  
  29  2:13  Pylon  
  29  2:19  Probe  
  30  2:31  Stalker  
  30  2:32  Sentry  
  30  2:34  Probe  
  30  2:36  Phoenix  
  35  2:46  Probe  
  36  2:53  Nexus  
  36  3:00  Pylon  
  36  3:03  Probe  
  39  3:05  Sentry  
  39  3:16  Probe  
  39  3:19  Robotics Facility  
  40  3:24  Probe  
  40  3:32  Probe  
  41  3:39  Adept  
  41  3:40  Adept  
  46  3:44  Pylon  
  46  3:45  Probe  
  47  4:02  Warp Prism, Probe, Adept x2  
  52  4:05  Probe  
  53  4:16  Probe  
  56  4:17  Probe  
  57  4:29  Immortal, Probe  
  54  4:34  Probe  
  51  4:41  Probe, Adept x2  
  60  4:46  Pylon, Probe  
  61  4:53  Probe  
  61  4:56  Assimilator  
  61  4:58  Probe  
  63  5:01  Adept x2  
  67  5:07  Probe  
  67  5:09  Immortal, Assimilator  
  67  5:14  Probe  
  73  5:23  Shield Battery  
  73  5:25  Shield Battery  
  73  5:26  Sentry, Stalker  
  73  5:27  Shield Battery  
  77  5:37  Immortal  
  77  5:53  Pylon  
  77  5:54  Pylon, Stalker  
  77  6:03  Stalker  
  75  6:09  Probe x2  
  77  6:11  Immortal  
  81  6:20  Shield Battery  
  73  6:27  Zealot  
  73  6:28  Forge, Twilight Council  
  75  6:36  Shield Battery, Probe x2  
  77  6:40  Assimilator  
  77  6:44  Protoss Ground Weapons Level 1  
  77  6:45  Gateway  
  77  6:46  Gateway  
  77  6:49  Gateway  
  77  6:50  Gateway  
  81  6:54  Pylon  
  81  6:55  Charge  
  81  7:12  Observer  
  78  7:16  Nexus  
  78  7:20  Pylon, Zealot x2  
  82  7:30  Gateway  
  82  7:32  Gateway, Probe x2  
  82  7:34  Pylon  
  78  7:44  Probe x2  
  80  7:56  Probe  
  80  7:57  Zealot x6, Probe  
  94  8:05  Pylon  
  94  8:11  Pylon  
  94  8:13  Pylon  
  94  8:14  Immortal  
  98  8:26  Templar Archives  
  98  8:27  Zealot x4  
  106  8:44  Zealot x3  
  106  8:45  Zealot  
  106  8:46  Shield Battery  
  114  8:50  Observer  
  114  8:53  Observer  
  114  8:55  Stalker x3  
  118  8:57  Zealot  
  117  9:20  Zealot  
Tags
 
Add a new tag
Caveats
  • Supply blocks, unpowered buildings, or Contaminate may cause inaccurate times.
  • Supply counts are checked every 10 seconds.